 Dungeon Crawl Stone Soup version 0.30-a0-364-gf6b3ef1049 (webtiles) character file.

Game seed: 11627190548197043419

40 ytrimaz the Covered (level 3, 0/29 HPs)
             Began as a Formicid Fighter on Nov 15, 2022.
             Slain by a gnoll
             ... wielding a +1 spear of freezing
              (2 damage)
             ... on level 2 of the Dungeon.
             The game lasted 00:00:56 (1051 turns).

ytrimaz the Covered (Formicid Fighter)              Turns: 1051, Time: 00:00:57

Health: 0/29       AC: 11    Str: 22    XL:     3   Next: 72%
Magic:  3/3        EV:  9    Int:  7    God:
Gold:   51         SH:  5    Dex: 13    Spells: 2/2 levels left

rFire   . . .      SeeInvis +    a - +0 war axe
rCold   . . .      Faith    .    c - +0 buckler
rNeg    . . .      Spirit   .    b - +0 scale mail
rPois   .          Reflect  .    (helmet unavailable)
rElec   .          Harm     .    (no cloak)
rCorr   .          Rampage  .    (no gloves)
Will    .....                    (no boots)
Stlth   ..........               (no amulet)
HPRegen 0.24/turn                i - +4 ring of protection
MPRegen 0.08/turn                (no ring)

@: mighty
A: permanent stasis, dig shafts and tunnels, antennae 3, four strong arms
a: Dig, Shaft Self


You were on level 2 of the Dungeon.
You visited 1 branch of the dungeon, and saw 2 of its levels.

You collected 51 gold pieces.


Innate Abilities, Weirdness & Mutations

You cannot be hasted, slowed, berserked, paralysed or teleported.
You can dig through walls and to a lower floor.
You have a pair of large antennae on your head. (SInv)
Your four strong arms can wield two-handed weapons with a shield.


   Skills:
 - Level 3.2 Fighting
 + Level 3.0 Axes
 + Level 4.1 Armour
 - Level 4.0 Shields


You had 2 spell levels left.
You didn't know any spells.
Your spell library was empty.

Inventory:

Hand Weapons
 a - a +0 war axe (weapon)
Armour
 b - a +0 scale mail (worn)
 c - a +0 buckler (worn)
Jewellery
 i - a +4 ring of protection (left hand)
   (You found it on level 1 of the Dungeon)
Scrolls
 e - a scroll of amnesia
Potions
 f - a potion of brilliance {unknown}
 h - a potion of heal wounds {unknown}

Dungeon Overview and Level Annotations

Branches:
Dungeon (2/15) Zot: 10926

Altars:

... #.# #.# #+## #.#
##...## ### #.####
##.....## ..# #.##.##
##....$.)##
#.###.#...####.†.......#
.............'..g......+
#.###.#...####.g@g.....#
#.###†##.## ##.......##
#.##....## ##.....##
#.##..#.# ##...##
#.##....# #+## ..##.#..#
####....# ###.## .#


You could see 3 gnolls.


Message History

Unknown command.
No target in view!
You now have 51 gold pieces (gained 19).
You open the door.
Found a faded altar of an unknown god.
There is an open door here.
There is an open door here.
You sense a monster nearby.
A worm comes into view.
A worm is nearby!
A worm is nearby!
A worm is nearby!
You hit the worm. The worm closely misses you.
You barely miss the worm. The worm completely misses you.
Unknown command.
You hit the worm. You hit the worm. The worm bites you but does no damage.
Unknown command.
You barely miss the worm. The worm barely misses you.
You slash the worm! The worm bites you. 😕 HP[-2]
You take 2 damage, and now have 22/24 hp.
A worm is nearby!
You barely miss the worm. The worm bites you!
Unknown command.
You completely miss the worm. The worm barely misses you. 😮 HP[-8]
You take 8 damage, and now have 14/24 hp.
MASSIVE DAMAGE!! (PAUSE)
A worm is nearby!
You are too injured to fight recklessly!
You slash the worm!
You kill the worm!
You have reached level 3!
Your experience leads to an increase in your attributes!
Increase (S)trength, (I)ntelligence, or (D)exterity?
You feel stronger. x2 😮 HP[+4] MP[+1]
You now have 29 max hp (+5).
You regained 4 hp, and now have 18/29 hp.
Your mp is fully restored (3).
You see here a worm corpse.
You see here a worm corpse.
Key pressed, stopping explore.
You open the door.
An adder and a frilled lizard come into view.
The adder hisses angrily.
You hear a shout! x2
A gnoll comes into view. It is wielding a +0 flail. 😎 HP[+11]
Your hp is fully restored (29).
There are monsters nearby!
There are monsters nearby!
There are monsters nearby! 2 gnolls come into view.
The gnoll shouts! x2
A gnoll comes into view. It is wielding a +1 spear of freezing.
There is an open door here.
The frilled lizard closely misses you.
Unknown command.
You block the frilled lizard's attack.
You barely miss the adder. You closely miss the gnoll.
You hit the frilled lizard.
You kill the frilled lizard!
The adder bites you but does no damage. The gnoll hits you but does no damage.
The adder closely misses you.
You hit the adder. You hit the gnoll. You hit the gnoll but do no damage.
The adder barely misses you. You block the gnoll's attack.
The gnoll hits you with a +0 whip! The adder closely misses you.
The gnoll closely misses you. The gnoll hits you with a +0 whip.
Unknown command. 😮 HP[-12]
You take 12 damage, and now have 17/29 hp.
MASSIVE DAMAGE!! (PAUSE)
You feel very mighty all of a sudden. The adder bites you.
The gnoll hits you but does no damage. x2 😮 HP[-2]
You take 2 damage, and now have 15/29 hp.
You slash the gnoll!
You kill the gnoll!
You slash the gnoll! You slash the adder!
You kill the adder!
The gnoll closely misses you. The gnoll hits you with a +0 whip.
Your Axes skill increases to level 3!
Your Armour skill increases to level 4!
Unknown command.
You barely miss the gnoll. x2
The gnoll hits you from afar with a +1 spear of freezing.
* * * LOW HITPOINT WARNING * * *
The gnoll freezes you.
* * * LOW HITPOINT WARNING * * *
The gnoll hits you with a +0 flail.
* * * LOW HITPOINT WARNING * * *
You block the gnoll's attack.
You are too injured to fight recklessly! 😱 HP[-9]
You take 9 damage, and now have 6/29 hp.
MASSIVE DAMAGE!! (PAUSE)
The gnoll hits you with a +1 spear of freezing.
* * * LOW HITPOINT WARNING * * *
The gnoll freezes you.
You die...

Skill      XL: |  1  2  3 |
---------------+----------+-----
Axes           | 3 |  3.0
Armour         | 4 |  4.1
Fighting       | |  3.2
Shields        | |  4.0

Action                   || total
-------------------------++-------
Melee: War axe           ||    54
  Use: Scroll            ||     3
       Potion            ||     1
Armor: Scale mail        ||    21
Dodge: Dodged            ||    25
Block: Buckler           ||    12

Levels and vault maps discovered:
D:1:      wheals_arrival_linesprint, layout_basic, minmay_misc_feat_tiny,
          minmay_misc_feat_encased, chequers_serial_rivers_room_a
D:2:      layout_loops_corners, serial_shops, shop,
          nicolae_ecumenical_lake_church, uniq_natasha

Notes
Turn   | Place    | Note
-------+----------+-------------------------------------------
     0 | D:1      | ytrimaz the Formicid Fighter began the quest for the Orb.
     0 | D:1      | Reached XP level 1. HP: 18/18 MP: 1/1
     0 | D:1      | magus.rc [v1.9.6]
   330 | D:1      | Reached XP level 2. HP: 24/24 MP: 2/2
   952 | D:2      | Found a faded altar of an unknown god.
   985 | D:2      | Reached XP level 3. HP: 18/29 MP: 3/3
  1050 | D:2      | Reached skill level 3 in Axes
  1050 | D:2      | Reached skill level 4 in Armour
  1050 | D:2      | HP: 6/29 [gnoll/+0 flail (6)]
  1051 | D:2      | HP: 2/29 [gnoll/+1 spear of freezing (4)]
  1051 | D:2      | Slain by a gnoll

Vanquished Creatures
  A gnoll (D:2)
  An adder (D:2)
  A worm (D:2)
  2 ball pythons (D:1)
  An endoplasm (D:1)
  2 hobgoblins (D:1)
  4 jackals (D:1)
  A kobold (D:1)
  A frilled lizard (D:2)
  5 rats
19 creatures vanquished.

Table legend:
 A = Non-vault XP
 B = Vault XP
 C = Vault XP percentage of total XP
 D = Non-vault monster count
 E = Vault monster count
 F = Vault count percentage of total count
                 A         B        C        D         E       F
            +---------+---------+-------+---------+---------+-------
      Total |      58 |       0 |   0.0 |      19 |       0 |   0.0
            +---------+---------+-------+---------+---------+-------
        D:1 |      24 |       0 |   0.0 |      14 |       0 |   0.0
        D:2 |      34 |       0 |   0.0 |       5 |       0 |   0.0
            +---------+---------+-------+---------+---------+-------

Illustrated notes

Table legend:
 A = Kills in this place as a percentage of kills in entire the game.
 B = Kills by you in this place as a percentage of kills by you in the entire game.
 C = Kills by friends in this place as a percentage of kills by friends in the entire game.
 D = Other kills in this place as a percentage of other kills in the entire game.
 E = Experience gained in this place as a percentage of experience gained in the entire game.
 F = Experience gained in this place divided by the number of levels of this place that you have seen.
                   A       B       C       D       E      F
               +-------+-------+-------+-------+-------+----------------------
         Total | 100.0 | 100.0 |   N/A |   N/A | 100.0 |  29.0
       Dungeon | 100.0 | 100.0 |   N/A |   N/A | 100.0 |  29.0
               +-------+-------+-------+-------+-------+----------------------

Table legend: (Time is in decaauts)
 A = Elapsed time spent in this place.
 B = Non-inter-level travel time spent in this place.
 C = Inter-level travel time spent in this place.
 D = Time resting spent in this place.
 E = Time spent auto-exploring this place.
 F = Levels seen in this place.
 G = Mean time per level.
                   A        B        C        D        E       F      G
               +--------+--------+--------+--------+--------+-----+--------+
         Total |   1072 |    948 |    124 |      0 |    794 |   2 |  536.0 |
       Dungeon |   1072 |    948 |    124 |      0 |    794 |   2 |  536.0 |
               +--------+--------+--------+--------+--------+-----+--------+

Top non-repeatable levels by time:
     D:1: 901 daAuts
     D:2: 171 daAuts
